 Dungeon Crawl Stone Soup version 0.28.0-49-g6dfe1f597d (webtiles) character file.

Game seed: 1363838679238449110

9044 Zeld the Transmogrifier (level 11, -4/72 HPs)
             Began as an Octopode Transmuter on May 11, 2022.
             Was an Initiate of Gozag.
             Killed from afar by an acid dragon (21 damage)
             ... with a splash of acid
             ... on level 9 of the Dungeon.
             The game lasted 00:19:59 (20132 turns).

Zeld the Transmogrifier (Octopode Transmuter)      Turns: 20132, Time: 00:20:00

Health: -4/72      AC:  3    Str: 13    XL:     11   Next: 40%
Magic:  31/31      EV: 15    Int: 17    God:    Gozag
Gold:   608        SH:  5    Dex: 12    Spells: 3/25 levels left

rFire   . . .      SeeInvis .     - Unarmed
rCold   . . .      Faith    .   (no shield)
rNeg    . . .      Spirit   .   f - +2 hat
rPois   .          Reflect  +   m - amulet of reflection
rElec   .          Harm     .   a - ring of magical power
rCorr   .          Rampage  .   i - ring of wizardry
Will    .....                   (no ring)
Stlth   +++++.....              (no ring)
HPRegen 0.22/turn               (no ring)
MPRegen 0.22/turn               (no ring)
                                (no ring)
                                (no ring)

@: no status effects
A: almost no armour, amphibious, 8 rings, camouflage 1, gelatinous body 1,
(nimble swimmer 1), tentacles
a: Renounce Religion, Potion Petition, Call Merchant, Bribe Branch


You were on level 9 of the Dungeon.
You worshipped Gozag.
Gozag was pleased with you.
You visited 2 branches of the dungeon, and saw 10 of its levels.
You also visited: Sewer and Bailey.

You collected 1722 gold pieces.
You spent 974 gold pieces at shops.
You paid 140 gold pieces to Gozag.

Inventory:

Armour
 f - a +2 hat (worn)
Jewellery
 a - a ring of magical power (left tentacle)
 i - a ring of wizardry (right tentacle)
 m - an amulet of reflection (around mantle)
Wands
 j - a wand of digging (6)
 v - a wand of flame (43)
 x - a wand of polymorph (15)
 D - a wand of paralysis (11)
Scrolls
 e - 2 scrolls of enchant armour
 l - 4 scrolls of teleportation
 o - a scroll of holy word
 u - 2 scrolls of amnesia
 y - a scroll of brand weapon
 C - a scroll of enchant weapon
Potions
 b - 2 potions of curing
 c - 9 potions of flight
 d - 2 potions of brilliance {unknown}
 g - 2 potions of mutation {unknown}
 h - 2 potions of degeneration {unknown}
 n - a potion of berserk rage {unknown}
 q - 2 potions of might {unknown}
 r - a potion of invisibility {unknown}
 s - 5 potions of haste {unknown}
 w - a potion of resistance {unknown}
 z - 2 potions of cancellation {unknown}
 A - 2 potions of lignification {unknown}
 F - a potion of heal wounds {unknown}


   Skills:
 + Level 5.8 Fighting
 + Level 6.0 Dodging
 + Level 8.2 Stealth
 - Level 3.0 Unarmed Combat
 * Level 7.8 Spellcasting
 * Level 8.5 Transmutations
 - Level 2.0 Ice Magic
 + Level 0.7 Air Magic
 - Level 2.0 Poison Magic
 * Level 8.4 Evocations


You had 3 spell levels left.
You knew the following spells:

 Your Spells              Type           Power      Damage    Failure   Level
a - Beastly Appendage     Tmut           70%        N/A       1%          1
b - Wereblood             Tmut           35%        N/A       1%          2
c - Spider Form           Tmut/Pois      24%        N/A       1%          3
d - Ice Form              Ice/Tmut       24%        N/A       4%          4
e - Blade Hands           Tmut           17%        N/A       3%          5
f - Storm Form            Tmut/Air       11%        N/A       99%         7

Your spell library contained the following spells:

 Spells                   Type           Power      Damage    Failure   Level
 Sting                    Tmut/Pois      96%        1d7       1%          1
 Blink                    Tloc           12%        N/A       6%          2
 Irradiate                Conj/Tmut      10%        3d16      21%         5
 Manifold Assault         Tloc           6%         N/A       71%         5
 Necromutation            Tmut/Necr      10%        N/A       100%        8


Dungeon Overview and Level Annotations

Branches:
Dungeon (9/15)             Temple (1/1) D:6           Sewer (visited)
 Bailey (visited)
   Lair: D:8-11         Orc: D:9-12

Altars:
Ashenzari
Cheibriados
Dithmenos
Elyvilon
Fedhas
Gozag
Hepliaklqana
Kikubaaqudgha
Makhleb
Nemelex Xobeh
Okawaru
Qazlal
Ru
Sif Muna
Trog
Uskayaw
Vehumet
Wu Jian
Xom
Yredelemnul
Zin
The Shining One

Shops:
D:4 *   D:5 !:[*


Innate Abilities, Weirdness & Mutations

You cannot wear most types of armour.
You are amphibious.
You can wear up to eight rings at the same time.
Your skin changes colour to match your surroundings (Stealth+).
Your rubbery body absorbs attacks. (AC +1, EV +1)
((You are camouflaged when in or above water. (Stealth+)))
You have tentacles for arms and can constrict up to eight enemies at once.


Message History

Your +2 hat melds into your body.
No target in view!
No target in view!
Magic restored.
Things that are here:
a +0 shortbow; 23 arrows You now have 608 gold pieces (gained 18).
An orc priest is nearby!
An orc priest is nearby!
You catch the helpless orc priest completely off-guard!
You tentacle-slap the orc priest.
The centaur warrior shouts!
You grab the orc priest. You squeeze the orc priest.
The orc priest is moderately wounded.
You constrict the orc priest, but do no damage.
You hear a shout!
The centaur warrior wields a +0 shortbow.
The centaur warrior shoots an arrow.
The arrow hits you!! The orc priest hits you with a +0 mace!
The centaur warrior shoots an arrow.
The arrow hits you!!
* * * LOW HITPOINT WARNING * * *
You release your grip on the orc priest.
The orc priest hits you with a +0 mace.
* * * LOW HITPOINT WARNING * * *
The orc priest invokes the aid of Beogh against you.
Pain shoots through your body!
* * * LOW HITPOINT WARNING * * *
Blink to where?
Press: ? - help, Dir - move target
As you read the scroll of blinking, it crumbles to dust.
Your transformation is almost over.
You start resting.
An acid dragon is nearby!
An acid dragon is nearby!
Your tentacle spike disappears.
Your +2 hat unmelds from your body.
The acid dragon spits acid at you. The splash of acid hits you!!
You die...
Your body crumbles into a pile of gold.

.#.. ..>.#.....###......###......
.#.# ....# #.......###.......###.
.). .....###......#......D..#..
..# #..###...#..#..#...#..#$.
..#######.....#.)#######...######
..........##.##..#..#..#...#..#..
..# ### #)##.....#.........#..
#.# #<##....###.......###. #..#
#.#..@....D........... ##.#
##.#.##########........ .# #..#.#
#####.... .# #.##.# ##... .
#.##.# #.. . #....# #. #..### #.
#### #. #.


You could see an acid dragon (catching breath).

Vanquished Creatures
  A two-headed ogre (D:8)
  Pikel (D:7)
  3 orc knights (Bailey)
  An ugly thing (D:9)
  Maurice (D:8)
  Maggie (D:6)
  A kobold demonologist (D:6)
  An efreet (D:9)
  Grinder (D:6)
  A shadow (D:9)
  2 wyverns
  A steam dragon (D:8)
  Menkaure (D:4)
  Edmund (D:6)
  3 water moccasins
  11 orc warriors
  2 sky beasts
  2 ice beasts
  2 lemures (D:7)
  4 centaurs
  4 bullfrogs
  2 kobold brigands
  2 scorpions (D:5)
  A wyvern skeleton (D:7)
  3 wights (D:6)
  A howler monkey (D:8)
  4 centaur zombies
  3 jellies
  6 hounds
  6 orc priests
  A gnoll shaman (D:8)
  2 bullfrog skeletons
  5 iguanas
  9 orc wizards
  A hell rat (Sewer)
  A killer bee zombie (D:8)
  A hound skeleton (D:4)
  A howler monkey zombie (D:5)
  3 gnolls (D:8)
  3 river rats (Sewer)
  13 adders
  A shadow imp (D:8)
  2 white imps
  An ufetubus (D:5)
  2 worms
  4 dart slugs
  24 orcs
  5 endoplasms
  8 giant cockroaches
  9 hobgoblins
  4 jackals (D:3)
  20 kobolds
  5 quokkas
  14 ball pythons
  2 bats (D:1)
  3 frilled lizards
  16 goblins
  10 rats
243 creatures vanquished.

Vanquished Creatures (others)
  2 plants
2 creatures vanquished.

Grand Total: 245 creatures vanquished

Notes
Turn   | Place    | Note
-------+----------+-------------------------------------------
     0 | D:1      | Zeld the Octopode Transmuter began the quest for the Orb.
     0 | D:1      | Reached XP level 1. HP: 13/13 MP: 3/3
   160 | D:1      | Reached XP level 2. HP: 8/18 MP: 3/5
   395 | D:1      | Reached skill level 1 in Stealth
   518 | D:1      | Learned a level 2 spell: Wereblood
   792 | D:1      | Reached XP level 3. HP: 23/23 MP: 6/6
   796 | D:1      | Learned a level 3 spell: Spider Form
   807 | D:1      | Found a faded altar of an unknown god.
  1459 | D:2      | Found a glowing silver altar of Zin.
  1461 | D:2      | Reached skill level 1 in Poison Magic
  2032 | D:2      | Reached XP level 4. HP: 28/28 MP: 7/7
  2625 | D:3      | Reached skill level 1 in Ice Magic
  2874 | D:3      | Reached XP level 5. HP: 4/34 MP: 9/9
  3784 | D:3      | Found an ornate altar of the Wu Jian Council.
  3832 | D:3      | Noticed a sky beast
  3861 | D:3      | Killed a sky beast
  3862 | D:3      | Reached XP level 6. HP: 13/39 MP: 10/10
  3867 | D:3      | Learned a level 4 spell: Ice Form
  4653 | D:4      | Found Hotronoph's Assorted Antiques.
  4664 | D:4      | Bought a smoky blue potion for 14 gold pieces
  4664 | D:4      | Bought a metallic golden potion for 14 gold pieces
  4664 | D:4      | Bought a smoky white potion for 14 gold pieces
  4664 | D:4      | Bought a scroll labelled TYESTO DURRUF for 16 gold pieces
  4664 | D:4      | Bought a scroll labelled MEOPOPT MAWARI for 16 gold pieces
  4664 | D:4      | Bought a scroll labelled TYESTO DURRUF for 16 gold pieces
  4664 | D:4      | Bought a scroll labelled KEOMNIO FEUNOT for 16 gold pieces
  4671 | D:4      | Noticed Menkaure
  4690 | D:4      | Killed Menkaure
  4691 | D:4      | Reached skill level 1 in Evocations
  4691 | D:4      | Reached XP level 7. HP: 45/45 MP: 12/12
  4832 | D:4      | Bought a wooden wand for 64 gold pieces
  4951 | D:4      | You fall into a shaft and drop 1 floor!
  4951 | D:5      | Entered Level 5 of the Dungeon
  4951 | D:5      | Found a shimmering blue altar of Sif Muna.
  5077 | D:5      | Found Ejaov's Distillery.
  5096 | D:5      | Bought a potion of curing for 42 gold pieces
  5170 | D:5      | Found Foceipei's Armour Emporium.
  5441 | D:5      | Found Tempes's Assorted Antiques.
  5449 | D:5      | Bought a glowing golden potion for 24 gold pieces
  5536 | D:5      | Reached XP level 8. HP: 52/52 MP: 14/14
  6428 | D:5      | Found Naot's Book Shop.
  6563 | D:5      | Reached skill level 5 in Transmutations
  6817 | D:5      | Bought 2 smoky white potions for 48 gold pieces
  7070 | D:6      | Found a glowing drain.
  7134 | Sewer    | Entered a sewer
  7507 | D:6      | Found a staircase to the Ecumenical Temple.
  7521 | Temple   | Entered the Ecumenical Temple
  7970 | D:6      | Reached skill level 5 in Spellcasting
  8357 | D:6      | Noticed Maggie
  8367 | D:6      | Killed Maggie
  8368 | D:6      | Reached skill level 5 in Stealth
  8368 | D:6      | Reached XP level 9. HP: 58/58 MP: 17/17
  8896 | D:6      | Reached skill level 5 in Evocations
  8925 | D:6      | Noticed Edmund
  9046 | D:6      | Killed Edmund
  9512 | D:6      | Noticed Grinder
  9521 | D:6      | Killed Grinder
  9920 | D:7      | Noticed a kobold demonologist
  9922 | D:7      | Noticed a red devil
 10007 | D:7      | Noticed an orange demon
 10044 | D:7      | Noticed a soul eater
 10057 | D:6      | Killed a kobold demonologist
 11362 | D:7      | Noticed Pikel
 11531 | D:7      | Killed Pikel
 11532 | D:7      | Reached skill level 5 in Dodging
 11532 | D:7      | Reached XP level 10. HP: 50/65 MP: 19/19
 12302 | D:8      | Noticed a two-headed ogre
 12313 | D:8      | Killed a two-headed ogre
 12371 | D:8      | Noticed Maurice
 12390 | D:8      | Reached skill level 5 in Fighting
 14779 | D:8      | Killed Maurice
 14854 | Temple   | Became a worshipper of Gozag Ym Sagoz the Greedy
 15687 | D:9      | Noticed a centaur warrior
 15689 | D:9      | Noticed a rakshasa
 15689 | D:9      | Noticed a red ugly thing
 15689 | D:9      | Noticed a skeletal warrior
 15712 | D:9      | Found a flagged portal.
 15719 | Bailey   | Entered a bailey
 15939 | Bailey   | Noticed an orc knight
 15956 | Bailey   | Noticed an orc knight
 16107 | Bailey   | Noticed an orc knight
 16450 | Bailey   | Killed an orc knight
 16451 | Bailey   | Reached XP level 11. HP: 72/72 MP: 22/22
 16452 | Bailey   | Killed an orc knight
 17005 | Bailey   | Killed an orc knight
 17177 | Bailey   | Identified the +8 flail of Valiance {elec, rPois rC+ MP+9
                  | Int-2}
 18281 | D:5      | Bought the Grimoire of Shape Shifting for 690 gold pieces
 18288 | D:5      | Learned a level 5 spell: Blade Hands
 18296 | D:5      | Learned a level 7 spell: Storm Form
 19309 | D:9      | Killed a red ugly thing
 20132 | D:9      | Killed from afar by an acid dragon

Illustrated notes

Levels and vault maps discovered:
D:1:      psy_arrival_radial02, layout_basic,
          hellmonk_ecumenical_altar_leap_of_faith, minmay_pentomino_o4
D:2:      layout_rooms, basic_altar
D:3:      layout_basic, nicolae_wu_jian_immortal_techniques,
          kennysheep_small_spiral, hangedman_decor_push, saegor_snake_ambush
D:4:      layout_cave_pools, serial_shops, nicolae_shop_advertising_works
          [nicolae_subvault_shop_adworks], hangedman_decor_opposing,
          uniq_menkaure
D:5:      layout_basic, serial_shops, shop, shop, shop, shop,
          kennysheep_diamond, minmay_fractal_squares_gapless_5
D:6:      layout_layer_cave, minmay_temple_entry_gardened_gates,
          gup_sewer_entry_pipe, chequers_decorated_corner,
          corexii_leaking_fountain, uniq_edmund, uniq_maggie, uniq_grinder
D:7:      layout_basic, uniq_pikel
D:8:      layout_basic, chequers_serial_rivers_micro_d, minmay_quadrilaterals,
          uniq_maurice
D:9:      hangedman_cross_cluster, layout_rooms, enter_bailey_4,
          uniq_prince_ribbit1
Temple:   mainiacjoe_temple_circle_huts

Skill      XL: |  1  2  3  4  5  6  7  8  9 10 11 |
---------------+----------------------------------+-----
Stealth        | 1 2 3 5 6 7 8 |  8.2
Poison Magic   | 1 2 |  2.0
Ice Magic      | 1 2 |  2.0
Transmutations | 3 4 5 6 8 |  8.5
Fighting       | 2 3 4 5 |  5.8
Spellcasting   | 3 4 5 6 7 |  7.8
Dodging        | 3 4 5 6 |  6.0
Evocations     | 1 3 4 6 7 8 |  8.4
Unarmed Combat | |  3.0
Air Magic      | |  0.7

Action                   |  1- 3 |  4- 6 |  7- 9 | 10-12 || total
-------------------------+-------+-------+-------+-------++-------
Melee: Unarmed           |    63 |   105 |   319 |   290 ||   777
       Constrict         |    21 |    24 |    29 |    16 ||    90
       Kick              |    14 |    28 |    34 |     8 ||    84
       Tentacles         |    13 |    13 |    21 |    22 ||    69
       Punch             |     1 |     2 |     5 |     1 ||     9
 Cast: Beastly Appendage |    20 |    26 |    17 |     5 ||    68
       Spider Form       |       |     4 |    16 |     4 ||    24
       Ice Form          |       |       |    14 |    24 ||    38
       Wereblood         |       |       |     1 |     1 ||     2
       Blade Hands       |       |       |       |     6 ||     6
 Abil: End Transformatio |       |       |     1 |       ||     1
Evoke: Wand              |       |     4 |     4 |    16 ||    24
  Use: Scroll            |       |       |     8 |     8 ||    16
       Potion            |       |       |       |     1 ||     1
 Stab: Sleeping          |     7 |     6 |    12 |     4 ||    29
       Distracted        |       |       |       |     1 ||     1
Armor: Skin              |     5 |    15 |    42 |    70 ||   132
Dodge: Dodged            |    24 |    79 |   220 |   186 ||   509
Block: Other             |       |     5 |    69 |    69 ||   143
       Reflection        |       |       |     1 |     6 ||     7
